 Seeded DCSS version 0.28-a0-21-gf74fda8 (webtiles) character file.

Game seed: 8064933946239754975 (custom seed)

58 Illumine the Slasher (level 4, 0/39 HPs)
             Began as a Human Chaos Knight on July 25, 2021.
             Was a Plaything of Xom.
             Succumbed to a gnoll's poison
             ... on level 2 of the Dungeon.
             The game lasted 00:05:10 (1348 turns).

Illumine the Slasher (Human Chaos Knight)           Turns: 1348, Time: 00:05:10

Health: 0/39       AC:  6    Str: 14    XL:     4   Next: 20%
Magic:  4/4        EV: 13    Int: 10    God:    Xom [......]
Gold:   141        SH:  0    Dex: 12    Spells: 3/3 levels left

rFire   . . .      SeeInvis .   a - +0 falchion (chaos)
rCold   . . .      Faith    .   (no shield)
rNeg    . . .      Spirit   .   b - +2 leather armour
rPois   .          Reflect  .   (helmet restricted)
rElec   .          Harm     .   (no cloak)
rCorr   .          Rampage  .   (no gloves)
Will    .....                   (no boots)
Stlth   +.........              (no amulet)
HPRegen 0.13/turn               (no ring)
MPRegen 0.09/turn               (no ring)

@: lethally poisoned (0 -> -14)
A: antennae 1, hooves 1, iridescent scales 1, deformed body, dopey 1
a: Renounce Religion


You were on level 2 of the Dungeon.
You worshipped Xom.
You were a very special plaything of Xom.
You visited 1 branch of the dungeon, and saw 2 of its levels.

You collected 141 gold pieces.

Inventory:

Hand Weapons
 a - a +0 falchion of chaos (weapon)
Missiles
 m - 4 boomerangs (quivered)
Armour
 b - a +2 leather armour (worn)
Jewellery
 l - an amulet of faith
Scrolls
 c - a scroll of fog {unknown}
 f - 2 scrolls of noise
 g - a scroll of enchant weapon {unknown}
 h - a scroll of teleportation {unknown}
 j - a scroll of magic mapping {unknown}
Potions
 e - a potion of magic
 k - a potion of lignification


   Skills:
 - Level 5.5 Fighting
 * Level 7.7 Long Blades
 + Level 5.3 Armour
 - Level 4.6 Dodging


You had 3 spell levels left.
You didn't know any spells.
Your spell library was empty.

Dungeon Overview and Level Annotations

Branches:
Dungeon (2/15)

Altars:
Jiyva


Innate Abilities, Weirdness & Mutations

You have a pair of small antennae on your head.
You have large cloven feet.
You are partially covered in iridescent scales. (AC +2)
Armour fits poorly on your strangely shaped body.
You are dopey. (Int -2)


Message History

Unknown command.
You hit the worm.
You feel better.
The worm is lightly wounded.
You barely miss the worm.
The worm is lightly wounded.
The worm bites you but does no damage.
You barely miss the worm.
The worm is lightly wounded.
The worm bites you!
* * * LOW HITPOINT WARNING * * *
You emit a cloud of colourful smoke!
Unknown command.
You hit the worm.
You feel better.
The worm is moderately wounded.
You hit the worm.
The worm is moderately wounded.
The worm bites you but does no damage.
You hit the worm.
The worm is poisoned.
The worm is moderately wounded.
You hit the worm. You burn the worm.
The worm is almost dead.
The worm bites you but does no damage.
You slash the worm!
You kill the worm!
You start resting.
Your transformation is almost over.
You start resting.
You feel less wooden.
Your +2 leather armour unmelds from your body.
You start resting.
A gnoll is nearby!
The gnoll shouts!
You see here a +0 ring mail. "How about this?"
One of your 2 scrolls of noise falls out of your pack, then immediately jumps back in!
The gnoll hits you with a +0 flail of chaos.
* * * LOW HITPOINT WARNING * * *
You are lethally poisoned!
You die...
Xom snickers!

....#####.#....#...............
.. ..#.............#########
#.#.............g.<#
#.#............#####
..#####.#.###..#.....#
...(.............>..#...#
..#####.#.#.#..g....#.#.#
#.#.#.##.#..#.#.# ..
#.#.#.##@#....#.# ##
..#.#.##.#..#...#
###.#g##.##.#.########
#.#.##.#...<.......#
#.#.##.###########.### #.#.##..
........#...# #####..[.###
#......##.# .........##
#......##.# .####.....#
#g.....##.#


You could see a gnoll.

Vanquished Creatures
  A worm (D:2)
  3 endoplasms
  4 goblins (D:1)
  A hobgoblin (D:1)
  2 quokkas (D:1)
  3 ball pythons
  3 bats (D:1)
  2 frilled lizards (D:1)
  3 kobolds (D:1)
  2 rats (D:1)
24 creatures vanquished.

Notes
Turn   | Place    | Note
-------+----------+-------------------------------------------
     0 | D:1      | Illumine the Human Chaos Knight began the quest for the
                  | Orb.
     0 | D:1      | Reached XP level 1. HP: 18/18 MP: 1/1
    68 | D:1      | XOM: potion effect (haste)
   214 | D:1      | XOM: give mutations
   214 | D:1      | Gained mutation: You have a pair of small antennae on your
                  | head. [Xom's grace]
   214 | D:1      | Gained mutation: You have large cloven feet. [Xom's grace]
   214 | D:1      | Gained mutation: You are agile. (Dex +2) [Xom's grace]
   224 | D:1      | Found a viscous altar of Jiyva.
   224 | D:1      | Noticed a jelly
   224 | D:1      | Noticed a jelly
   224 | D:1      | Noticed a jelly
   224 | D:1      | Noticed a jelly
   230 | D:1      | Reached XP level 2. HP: 24/24 MP: 2/2
   403 | D:1      | XOM: cloud trail
   631 | D:1      | XOM: give mutations
   631 | D:1      | Gained mutation: You have a pair of antennae on your head.
                  | [Xom's grace]
   631 | D:1      | Gained mutation: You are partially covered in iridescent
                  | scales. (AC +2) [Xom's grace]
   748 | D:1      | XOM: 4-stop teleportation journey
   820 | D:1      | XOM: give mutations
   820 | D:1      | Gained mutation: You are dopey. (Int -2) [Xom's mischief]
   820 | D:1      | Lost mutation: You are agile. (Dex +2) [Xom's mischief]
   864 | D:1      | Reached XP level 3. HP: 29/29 MP: 3/3
  1032 | D:2      | Reached skill level 5 in Fighting
  1032 | D:2      | Reached skill level 7 in Long Blades
  1032 | D:2      | Reached skill level 5 in Armour
  1032 | D:2      | Reached XP level 4. HP: 39/39 MP: 4/4
  1074 | D:2      | XOM: give mutations
  1074 | D:2      | Gained mutation: You sometimes lose the ability to read
                  | scrolls when taking damage. [Xom's mischief]
  1074 | D:2      | Lost mutation: You have a pair of antennae on your head.
                  | [Xom's mischief]
  1074 | D:2      | Gained mutation: Armour fits poorly on your strangely
                  | shaped body. [Xom's mischief]
  1074 | D:2      | Lost mutation: You sometimes lose the ability to read
                  | scrolls when taking damage. [Xom's mischief]
  1083 | D:2      | XOM: chaos upgrade
  1263 | D:2      | XOM: summons 3 hostile demons
  1265 | D:2      | XOM: blink monster(s)
  1293 | D:2      | HP: 2/58 [worm (8)]
  1293 | D:2      | XOM: smoke on damage
  1344 | D:2      | XOM: silly message
  1348 | D:2      | Succumbed to a gnoll's poison

Illustrated notes

Levels and vault maps discovered:
D:1:      erik_arrival_cave_to_civilisation [erik_arrival_cave_to_temple],
          layout_loops_corners, minmay_ruptured
D:2:      layout_basic

Skill      XL: |  1  2  3 |
---------------+----------+-----
Fighting       | 5 |  5.5
Long Blades    | 7 |  7.7
Armour         | 5 |  5.3
Dodging        | 4 |  4.6

Action                   |  1- 3 |  4- 6 || total
-------------------------+-------+-------++-------
Melee: Falchion          |    45 |    32 ||    77
       Kick              |     5 |     1 ||     6
Throw: Boomerang         |       |     1 ||     1
  Use: Scroll            |     3 |     2 ||     5
       Potion            |     1 |     2 ||     3
Armor: Leather armour    |    22 |     8 ||    30
       Skin              |       |    50 ||    50
Dodge: Dodged            |    29 |    24 ||    53
       Rpst.: Falchion   |     9 |     4 ||    13

Table legend: (Time is in decaauts)
 A = Elapsed time spent in this place.
 B = Non-inter-level travel time spent in this place.
 C = Inter-level travel time spent in this place.
 D = Time resting spent in this place.
 E = Time spent auto-exploring this place.
 F = Levels seen in this place.
 G = Mean time per level.
                   A        B        C        D        E       F      G
               +--------+--------+--------+--------+--------+-----+--------+
         Total |   1333 |   1179 |    154 |     23 |    847 |   2 |  666.5 |
       Dungeon |   1333 |   1179 |    154 |     23 |    847 |   2 |  666.5 |
               +--------+--------+--------+--------+--------+-----+--------+

Top non-repeatable levels by time:
     D:1: 1121 daAuts
     D:2: 212 daAuts
